 Dungeon Crawl Stone Soup version 0.29.1-15-g9cfb28693d (webtiles) character file.

Game seed: 14904837312061314479

252 booth the Chopper (level 5, 0/61 HPs)
             Began as a Demonspawn Gladiator on Apr 22, 2023.
             Was a Believer of Cheibriados.
             Slain by a gnoll
             ... wielding a +0 halberd
             ... led by a gnoll bouda
              (5 damage)
             ... on level 5 of the Dungeon.
             The game lasted 00:21:33 (5369 turns).

booth the Chopper (Demonspawn Gladiator)            Turns: 5369, Time: 00:21:33

Health: 0/61       AC:  6    Str: 21    XL:     5   Next: 89%
Magic:  5/5        EV: 13    Int: 15    God:    Cheibriados [**....]
Gold:   257        SH:  4    Dex: 19    Spells: 4/4 levels left

rFire   . . .      SeeInvis .   a - +1 war axe
rCold   . . .      Faith    .   (no shield)
rNeg    + . .      Spirit   .   b - +0 leather armour
rPois   .          Reflect  .   c - +0 helmet
rElec   .          Harm     .   (no cloak)
rCorr   .          Rampage  .   (no gloves)
Will    .....                   (no boots)
Stlth   ..........              (no amulet)
HPRegen 0.20/turn               j - ring of positive energy
MPRegen 0.18/turn               (no ring)

@: berserking, weakened, very slow
A: thin metallic scales 1, magic regeneration, condensation shield
a: Renounce Religion, Bend Time


You were on level 5 of the Dungeon.
You worshipped Cheibriados.
Cheibriados was pleased with you.
You visited 1 branch of the dungeon, and saw 5 of its levels.

You collected 257 gold pieces.

Inventory:

Hand Weapons
 a - a +1 war axe (weapon)
 g - a +0 flail
Missiles
 d - 3 throwing nets (quivered)
 e - 4 javelins
 i - 3 atropa-tipped darts
 k - 7 poisoned darts
Armour
 b - a +0 leather armour (worn)
 c - a +0 helmet (worn)
Jewellery
 j - a ring of positive energy (left hand)
Scrolls
 l - a scroll of fear
 n - a scroll of magic mapping {unknown}
Potions
 h - a potion of brilliance
 m - a potion of heal wounds {unknown}
 o - a potion of might


   Skills:
 + Level 3.5 Fighting
 + Level 3.8 Axes
 + Level 3.2 Throwing
 + Level 3.7 Dodging


You had 4 spell levels left.
You didn't know any spells.
Your spell library contained the following spells:

 Spells                   Type           Power      Damage    Failure   Level
 Call Canine Familiar     Summ           0%         N/A       67%         3
 Frozen Ramparts          Ice            0%         1d1       67%         3
 Portal Projectile        Hex/Tloc       0%         N/A       67%         3
 Hailstorm                Conj/Ice       0%         3d3       97%         4
 Ice Form                 Ice/Tmut       0%         N/A       97%         4
 Leda's Liquefaction      Hex/Erth       0%         N/A       97%         4
 Summon Ice Beast         Ice/Summ       0%         N/A       97%         4
 Simulacrum               Ice/Necr       0%         N/A       100%        6


Dungeon Overview and Level Annotations

Branches:
Dungeon (5/15)
 Temple: D:4-7

Altars:
Cheibriados
Nemelex Xobeh
Wu Jian


Innate Abilities, Weirdness & Mutations

You are partially covered in thin metallic scales. (AC +2)
You regenerate magic rapidly.
A meltable shield of frost defends you. (SH +4)


Message History

You barely miss the gnoll bouda.
The gnoll bouda is heavily wounded.
The gnoll bouda misses you. The gnoll completely misses you.
The gnoll bouda closely misses you.
You hit the gnoll bouda but do no damage.
The gnoll bouda is heavily wounded.
The gnoll hits you from afar with a +0 spear.
* * * LOW HITPOINT WARNING * * *
The gnoll bouda barely misses you.
A red film seems to cover your vision as you go berserk!
Cheibriados forces you to slow down.
You feel mighty! The gnoll barely misses you.
The gnoll bouda hits you with a +0 club.
* * * LOW HITPOINT WARNING * * *
You barely miss the gnoll bouda.
The gnoll bouda is heavily wounded.
The gnoll hits you from afar with a +0 spear.
* * * LOW HITPOINT WARNING * * *
You block the gnoll's attack.
You slash the gnoll bouda!
The gnoll bouda is almost dead.
Your attacks no longer feel as feeble.
The gnoll bouda misses you.
The gnoll hits you from afar with a +0 spear.
* * * LOW HITPOINT WARNING * * *
The gnoll bouda hits you with a +0 club.
* * * LOW HITPOINT WARNING * * *
The gnoll hits you with a +0 spear.
* * * LOW HITPOINT WARNING * * *
The gnoll bouda gazes fiercely through you!
You feel your attacks grow feeble. You block the gnoll bouda's attack.
The gnoll closely misses you.
You slash the gnoll!
You kill the gnoll!
Cheibriados thoroughly appreciates the change of pace.
You slash the gnoll bouda!
You kill the gnoll bouda!
Cheibriados thoroughly appreciates the change of pace.
The gnoll hits you from afar with a +0 halberd.
You die...

#. #..# ###.### #...
....... ..# .......
... .......##.#
..........#
.......<# #
###.###.######.###..
##.#.@gg.......
#...)###g...##.
#.#### .##..# ### .#
... ## .


You could see 3 gnolls.

Vanquished Creatures
  A kobold brigand (D:4)
  An orc priest (D:4)
  A gnoll bouda (D:5)
  A hound (D:4)
  2 gnolls (D:5)
  3 adders
  3 worms
  A dart slug (D:2)
  5 orcs (D:4)
  8 endoplasms
  3 giant cockroaches
  5 goblins
  6 hobgoblins
  7 kobolds
  2 quokkas
  8 ball pythons
  6 bats
  6 frilled lizards
  14 rats
83 creatures vanquished.

Notes
Turn   | Place    | Note
-------+----------+-------------------------------------------
     0 | D:1      | booth the Demonspawn Gladiator began the quest for the Orb.
     0 | D:1      | Reached XP level 1. HP: 16/16 MP: 1/1
    86 | D:1      | Gained mutation: A meltable shield of frost defends you.
                  | (SH +4) [demonic ancestry]
    86 | D:1      | Reached XP level 2. HP: 22/22 MP: 2/2
  1191 | D:2      | Reached XP level 3. HP: 26/28 MP: 3/3
  1724 | D:2      | Gained mutation: You are partially covered in thin metallic
                  | scales. (AC +2) [demonic ancestry]
  1724 | D:2      | Reached XP level 4. HP: 20/34 MP: 4/4
  2107 | D:2      | Found a faded altar of an unknown god.
  2111 | D:2      | Prayed at the altar of an unknown god.
  2111 | D:2      | Became a worshipper of Cheibriados the Contemplative
  2111 | D:2      | Reached * piety under Cheibriados
  2771 | D:3      | Found a sparkling altar of Nemelex Xobeh.
  3412 | D:4      | Noticed a kobold brigand
  4217 | D:4      | Killed a kobold brigand
  4217 | D:4      | Reached ** piety under Cheibriados
  4218 | D:4      | Gained mutation: You regenerate magic rapidly. [demonic
                  | ancestry]
  4218 | D:4      | Reached XP level 5. HP: 9/41 MP: 5/5
  4936 | D:4      | Found an ornate altar of the Wu Jian Council.
  5335 | D:5      | Entered Level 5 of the Dungeon
  5369 | D:5      | Slain by a gnoll

Illustrated notes

Levels and vault maps discovered:
D:1:      nzn_arrival_depleted_hourglass, layout_loops_corners,
          hangedman_abyss_or_decor_stabs
D:2:      layout_loops_cross, shapermc_ecumenical_altar_mp_vishouse,
          minmay_rat_gold_closets
D:3:      layout_basic, mainiacjoe_overflow_brackets,
          hangedman_abyss_or_decor_lesser_grid
D:4:      layout_basic, nicolae_wu_jian_wuxing_cycle, enter_ossuary_1
D:5:      layout_rooms, mainiacjoe_overflow_alcove_2, serial_shops, shop,
          minmay_fractal_squares_diagonal_5

Skill      XL: |  1  2  3  4 |
---------------+-------------+-----
Throwing       | 2 3 |  3.2
Axes           | 3 |  3.8
Dodging        | 3 |  3.7
Fighting       | 3 |  3.5

Action                   |  1- 3 |  4- 6 || total
-------------------------+-------+-------++-------
Melee: War axe           |    97 |   124 ||   221
       Punch             |       |     2 ||     2
  Use: Scroll            |     3 |     7 ||    10
       Potion            |       |     3 ||     3
 Stab: Sleeping          |     2 |     1 ||     3
Armor: Leather armour    |    37 |    33 ||    70
Dodge: Dodged            |    52 |    95 ||   147
Block: Other             |    14 |    26 ||    40
